 Dungeon Crawl Stone Soup version 0.26-a0-660-gc07710193c (webtiles) character file.

Game seed: 16420848277576072433

8225 lampshaded the Cleaver (level 11, -1/67 HPs)
             Began as a Gargoyle Fighter on Oct 8, 2020.
             Was an Elder of Okawaru.
             Engulfed by a blizzard demon's freezing vapour (7 damage)
             ... in a Gauntlet.
             The game lasted 00:17:20 (10701 turns).

lampshaded the Cleaver (Gargoyle Fighter)          Turns: 10701, Time: 00:17:20

Health: -1/67      AC: 39    Str: 23    XL:     11   Next: 27%
Magic:  14/16      EV:  6    Int:  9    God:    Okawaru [****..]
Gold:   613        SH: 12    Dex: 15    Spells: 10/10 levels left

rFire    + . .     SeeInvis .   a - +4 war axe
rCold    + . .     Faith    .   c - +0 kite shield
rNeg     + . .     Spirit   .   j - +0 crystal plate armour
rPois    ∞         Reflect  .   (no helmet)
rElec    +         Harm     .   (no cloak)
rCorr    +         Rampage  .   u - +0 pair of gloves
MR       .....     NoTele   +   A - +2 pair of boots
Stlth    ..........             r - amulet of the acrobat
HPRegen  0.21/turn              v - +6 ring of dexterity
MPRegen  0.15/turn              B - +4 ring of protection

@: resistant, heroism
A: negative energy resistance 1, electricity resistance, unbreathing,
petrification resistance, rot immunity, AC +8
a: Heroism, Renounce Religion


You were in a Gauntlet.
You worshipped Okawaru.
Okawaru was greatly pleased with you.
You visited 3 branches of the dungeon, and saw 13 of its levels.
You also visited: Gauntlet.

You collected 613 gold pieces.

Inventory:

Hand Weapons
 a - a +4 war axe (weapon)
Missiles
 l - 6 silver javelins (quivered)
Armour
 c - a +0 kite shield (worn)
 j - a +0 crystal plate armour (worn)
 u - a +0 pair of gloves (worn)
 A - a +2 pair of boots (worn)
Jewellery
 q - an uncursed amulet of the acrobat
 r - an amulet of the acrobat (around neck)
 v - a +6 ring of dexterity (left hand)
 B - a +4 ring of protection (right hand)
Wands
 d - a wand of iceblast (5)
 z - a wand of acid (6)
 E - a wand of polymorph (16)
 F - a wand of disintegration (21)
Scrolls
 e - 4 scrolls of teleportation {unknown}
 g - 12 scrolls of remove curse
 m - 5 scrolls of enchant weapon
 n - 3 scrolls of blinking {unknown}
 o - 4 scrolls of immolation
 s - 3 scrolls of magic mapping
 y - 2 scrolls of fear
 H - a scroll of enchant armour
 L - a scroll of noise {unknown}
Potions
 b - a potion of stabbing
 f - 7 potions of curing
 h - 2 potions of haste
 i - 3 potions of heal wounds
 k - a potion of resistance
 p - 4 potions of lignification {unknown}
 t - a potion of invisibility
 w - a potion of flight
 C - a potion of magic
 G - a potion of brilliance
 K - a potion of ambrosia {unknown}


   Skills:
 + Level 7.5(12.5) Fighting
 * Level 11.8(16.8) Axes
 + Level 7.6(12.6) Armour
 - Level 3.2(8.2) Shields
 + Level 7.7 Invocations


You had 10 spell levels left.
You didn't know any spells.
Your spell library contained the following spells:

 Spells                   Type           Power        Failure   Level
 Animate Skeleton         Necr           #.....       100%        1
 Pain                     Necr           #...         100%        1
 Summon Small Mammal      Summ           #...         100%        1
 Call Imp                 Summ           #.......     100%        2
 Call Canine Familiar     Summ           #.......     100%        3
 Summon Guardian Golem    Hex/Summ       #.......     100%        3
 Vampiric Draining        Necr           #.........   100%        3
 Animate Dead             Necr           #.........   100%        4
 Summon Ice Beast         Ice/Summ       #.......     100%        4
 Summon Lightning Spire   Summ/Air       #.......     100%        4
 Agony                    Necr           #.......     100%        5


Dungeon Overview and Level Annotations

Branches:
Dungeon (10/15)            Temple (1/1) D:6            Lair (2/6) D:9
  Snake (0/4) Lair:2      Gauntlet (1/1)
  Swamp: Lair:2-4    Shoals: Lair:2-4       Orc: D:9-12

Altars:
Ashenzari
Cheibriados
Dithmenos
Elyvilon
Fedhas
Gozag
Hepliaklqana
Kikubaaqudgha
Makhleb
Nemelex Xobeh
Okawaru
Qazlal
Ru
Sif Muna
Trog
Uskayaw
Vehumet
Wu Jian
Xom
Yredelemnul
Zin
The Shining One

Annotations:
D:5 4 runed translucent doors, Crazy Yiuf; GoodGuyCap's ghost, novice OpGl; lunkers's ghost, weakling KoDe
D:8 2 transporters, exclusion: ice statue, Zenkrye's ghost, novice PaFi Gauntlet 9 transporters


Innate Abilities, Weirdness & Mutations

You are resistant to torment.
Your stone body is resilient. (AC +8)
You are immune to poison.
You resist negative energy. (rN+)
You are resistant to electric shocks. (rElec)
You can survive without breathing.
You are immune to petrification.
You are immune to rotting.


Message History

The blizzard demon is severely wounded.
You are engulfed in freezing vapours.
* * * LOW HITPOINT WARNING * * *
The blizzard demon is engulfed in freezing vapours.
The blizzard demon hits you but does no damage. x2
It was a potion of curing.
You feel better.
You are engulfed in freezing vapours.
The blizzard demon is engulfed in freezing vapours.
The blizzard demon gestures at you. The bolt of lightning hits you. You resist.
* * * LOW HITPOINT WARNING * * *
It was a potion of heal wounds.
You feel much better.
You are engulfed in freezing vapours.
* * * LOW HITPOINT WARNING * * *
The blizzard demon gestures at you. The bolt of lightning hits you! You resist.
* * * LOW HITPOINT WARNING * * *
You feel protected.
You are engulfed in freezing vapours.
You resist.
You die...

##≈....#©..8#...#H..###
##..8.#...©#.8.#......
##≈....#©..8#.⌠.#.8.###
#≈≈.#########.8.#.©....
##≈.#.!.©.$.#...#.8.#.#
##.#..####.#...#.©.# #
##≈.#.#°..#.#.8.#.8.#
#≈≈.#.#°°°#.#.∩.#.©.#
##≈.#.#..@#.#.8.#.8.#
##.#.####2°#...#.©.# #
##≈.#...2.°.#...#.8.#.#
#≈≈.#########.8.#.©....
##≈....#©..8#.⌠.#.8.###
##..8.#...©#.8.#......
##≈....#©..8#...#...###
#≈≈.#########...#≈≈≈#
##≈.#...©...#..###≈##


You could see a blizzard demon.

Vanquished Creatures
  A hydra (Lair:1)
  A death scarab (Gauntlet)
  A wizard (Gauntlet)
  A black mamba (Lair:2)
  An ice devil (Gauntlet)
  A troll (D:10)
  Sigmund (D:2)
  9 yaks
  2 wyverns (D:9)
  Eustachio (D:5)
  Edmund (D:5)
  A naga (Lair:2)
  An acid dragon (D:9)
  A water moccasin (Lair:2)
  An orc warrior (D:8)
  A necrophage (D:9)
  4 ice beasts
  A black bear (D:6)
  An ogre (D:5)
  2 sky beasts
  A spectral torpor snail (Gauntlet)
  2 centaurs
  A big kobold (D:10)
  3 bullfrogs
  A wyvern zombie (D:10)
  2 wyvern skeletons
  3 scorpions
  5 wights (D:9)
  A howler monkey (D:10)
  A quasit (D:7)
  4 hounds
  2 bullfrog zombies (D:8)
  2 centaur skeletons
  3 jellies
  4 orc priests
  A bullfrog skeleton (D:8)
  Ijyb (D:5)
  An iguana (D:6)
  8 orc wizards
  7 worker ants
  2 howler monkey zombies
  3 worker ant zombies
  8 gnolls
  11 adders
  4 shadow imps
  3 white imps
  3 ufetubi
  An ooze (D:1)
  An adder zombie (D:6)
  5 worms
  A dart slug (D:3)
  5 leopard geckos
  29 orcs
  5 giant cockroaches
  8 goblins
  7 hobgoblins
  5 jackals (D:1)
  10 kobolds
  6 quokkas
  9 bats
  3 frilled lizards
  A jackal skeleton (D:7)
  2 leopard gecko skeletons
  6 rats
224 creatures vanquished.

Vanquished Creatures (others)
  2 fungi
  3 plants
  6 withered plants (D:5)
11 creatures vanquished.

Grand Total: 235 creatures vanquished

Notes
Turn   | Place    | Note
-------+----------+-------------------------------------------
     0 | D:1      | lampshaded the Gargoyle Fighter began the quest for the
                  | Orb.
     0 | D:1      | Reached XP level 1. HP: 14/14 MP: 1/1
    43 | D:1      | Reached skill level 2 in Axes
   130 | D:1      | Reached XP level 2. HP: 19/19 MP: 2/2
   226 | D:1      | Reached skill level 3 in Axes
   284 | D:1      | Reached XP level 3. HP: 19/23 MP: 3/3
   886 | D:2      | Found a stormy altar of Qazlal.
   909 | D:2      | Found a burning altar of Makhleb.
  1122 | D:2      | Found a snail-covered altar of Cheibriados.
  1377 | D:2      | Noticed Sigmund
  1387 | D:2      | Killed Sigmund
  1387 | D:2      | Reached skill level 5 in Axes
  1387 | D:2      | Reached XP level 4. HP: 7/28 MP: 4/4
  1387 | D:2      | Reached XP level 5. HP: 8/32 MP: 5/5
  1699 | D:2      | Found a radiant altar of Vehumet.
  1708 | D:2      | Reached XP level 6. HP: 28/37 MP: 6/6
  2271 | D:3      | Reached skill level 6 in Axes
  2568 | D:4      | Found an ancient bone altar of Kikubaaqudgha.
  2904 | D:5      | Entered Level 5 of the Dungeon
  2934 | D:5      | Noticed Edmund
  2953 | D:5      | Killed Edmund
  2953 | D:5      | Reached skill level 7 in Axes
  2953 | D:5      | Reached XP level 7. HP: 25/41 MP: 7/7
  3070 | D:5      | Found a sparkling altar of Nemelex Xobeh.
  3092 | D:5      | Noticed Ijyb
  3587 | D:5      | Found a runed translucent door.
  3588 | D:5      | Noticed Crazy Yiuf
  3622 | D:5      | Found a runed translucent gate.
  3622 | D:5      | Found a runed translucent gate.
  3622 | D:5      | Found a runed translucent gate.
  3622 | D:5      | Noticed lunkers's ghost (weakling KoDe)
  3622 | D:5      | Noticed GoodGuyCap's ghost (novice OpGl)
  3773 | D:6      | Found a white marble altar of Elyvilon.
  3903 | D:6      | Found a staircase to the Ecumenical Temple.
  3912 | Temple   | Entered the Ecumenical Temple
  3964 | Temple   | Became a worshipper of Warmaster Okawaru
  3995 | D:6      | Found a shadowy altar of Dithmenos.
  4182 | D:5      | Reached skill level 8 in Axes
  4182 | D:5      | Reached skill level 1 in Invocations
  4376 | D:5      | Noticed Eustachio
  4397 | D:5      | Killed Ijyb
  4397 | D:5      | Reached XP level 8. HP: 39/46 MP: 7/9
  4426 | D:5      | Killed Eustachio
  4583 | D:5      | Reached * piety under Okawaru
  5402 | D:6      | Reached skill level 9 in Axes
  5964 | D:7      | Found a hazy altar of Hepliaklqana.
  6296 | D:7      | Got a jewelled hand crossbow
  6385 | D:7      | Found a glowing golden altar of the Shining One.
  6603 | D:7      | Found a broken altar of Ashenzari.
  7028 | D:8      | Found a bloodstained altar of Trog.
  7124 | D:8      | Reached XP level 9. HP: 52/52 MP: 12/12
  7188 | D:8      | Found a transporter.
  7189 | D:8      | Found a transporter.
  7191 | D:8      | Found a bloodstained altar of Trog.
  7199 | D:8      | Noticed Zenkrye's ghost (novice PaFi)
  7219 | D:8      | Noticed a moth of wrath
  7574 | D:8      | Identified the +3 flail "Larph" {protect, *Contam rN++}
  7574 | D:8      | Noticed a tengu warrior
  7830 | D:8      | Noticed an ice statue
  7987 | D:9      | Reached skill level 5 in Invocations
  8002 | D:9      | Reached ** piety under Okawaru
  8219 | D:9      | Reached skill level 5 in Fighting
  8219 | D:9      | Reached skill level 10 in Axes
  8219 | D:9      | Reached skill level 5 in Armour
  8253 | D:9      | Reached XP level 10. HP: 50/60 MP: 14/14
  8506 | D:9      | Reached *** piety under Okawaru
  8648 | D:9      | Found an opulent altar of Gozag.
  8999 | D:9      | Found a staircase to the Lair.
  9084 | D:10     | Entered Level 10 of the Dungeon
  9435 | D:10     | Reached skill level 11 in Axes
  9776 | Lair:1   | Entered Level 1 of the Lair of Beasts
  9812 | Lair:1   | Reached **** piety under Okawaru
  9879 | Lair:1   | Noticed a four-headed hydra
  9902 | Lair:1   | Killed a four-headed hydra
  9902 | Lair:1   | Received a gift from Okawaru
 10181 | Lair:1   | You fall into a shaft and drop 1 floor!
 10216 | Lair:2   | Found a staircase to the Snake Pit.
 10277 | Lair:2   | Noticed a black mamba
 10293 | Lair:2   | Killed a black mamba
 10293 | Lair:2   | Reached XP level 11. HP: 55/67 MP: 16/16
 10302 | Lair:2   | Found a gate leading to a gauntlet.
 10330 | Gauntlet | Entered a Gauntlet
 10330 | Gauntlet | Found a transporter.
 10331 | Gauntlet | Noticed a death scarab
 10355 | Gauntlet | Found a transporter.
 10358 | Gauntlet | Found a transporter.
 10359 | Gauntlet | Found a transporter.
 10362 | Gauntlet | Noticed a wizard
 10370 | Gauntlet | Found a transporter.
 10370 | Gauntlet | Found a transporter.
 10371 | Gauntlet | Found a transporter.
 10377 | Gauntlet | Noticed a blizzard demon
 10380 | Gauntlet | Found a transporter.
 10382 | Gauntlet | Found a transporter.
 10383 | Gauntlet | Found a transporter.
 10384 | Gauntlet | Noticed a minotaur
 10388 | Gauntlet | Noticed a green death
 10391 | Gauntlet | Found a transporter.
 10394 | Gauntlet | Found a transporter.
 10395 | Gauntlet | Found a transporter.
 10397 | Gauntlet | Identified the ring "Hecioce" {Ice Dex+6}
 10397 | Gauntlet | Noticed a wizard
 10397 | Gauntlet | Noticed a wizard
 10403 | Gauntlet | Found a transporter.
 10520 | Gauntlet | Killed a death scarab
 10520 | Gauntlet | Received a gift from Okawaru
 10661 | Gauntlet | Killed a wizard
 10701 | Gauntlet | Engulfed by a blizzard demon's freezing vapour

Illustrated notes

Levels and vault maps discovered:
D:1:      dpeg_arrival_round_c, layout_basic
D:2:      layout_basic, cheibriados_altar_1, nicolae_overflow_crystal_walls,
          vehumet_crystals, grunt_qazlal_clouds, serial_rivers,
          chequers_serial_rivers_small_b, chequers_serial_rivers_small_a,
          chequers_serial_rivers_micro_a, chequers_serial_rivers_micro_b,
          chequers_serial_rivers_micro_b, chequers_serial_rivers_large_a,
          uniq_sigmund
D:3:      layout_rooms
D:4:      layout_cave_pools, kiku_gazebo_garden_becter,
          hangedman_abyss_or_decor_stagger
D:5:      layout_loops_ring, nicolae_overflow_hidden_temple,
          gammafunk_ghost_cemetery, hex_large, uniq_crazy_yiuf_cottage,
          uniq_eustachio, uniq_edmund, uniq_ijyb
D:6:      layout_loops_cross, overflow_temple_1_default,
          minmay_temple_entry_proselytizer, grunt_dithmenos_smoke
D:7:      layout_basic, kennysheep_mini, lemuel_doored_altar,
          old_standard_altar, interstate_on_off
D:8:      lemuel_ice_statue, layout_gridville, bloody_trog,
          gammafunk_ghost_wrathful_warriors
D:9:      layout_basic, lemuel_crystal_altar, lair_entry_dummy
D:10:     layout_basic
Temple:   eino_wide_crystal_templ
Lair:1:   beast_lair_carwin_large_2, layout_cave_pods, lemuel_fruit_fields,
          lemuel_fruit_tree, uniq_fannar
Lair:2:   layout_roguey, guppyfry_snake_entry_island, gauntlet_entry_generic
Gauntlet: gammafunk_gauntlet_77_escape_option
          [minmay_gauntlet_arena_77_broken_ladder,
          minmay_gauntlet_arena_77_chump_sandwich, minmay_gauntlet_arena_77_box,
          minmay_gauntlet_arena_77_squiggly, minmay_gauntlet_arena_77_fan,
          nicolae_gauntlet_exit_dead_adventurers]

Skill      XL: |  1  2  3  4  5  6  7  8  9 10 |
---------------+-------------------------------+-----
Axes           | 2 3 5 7 8 9 10 11 | 11.8
Invocations    | 1 4 5 7 |  7.7
Fighting       | 5 7 |  7.5
Armour         | 5 7 |  7.6
Shields        | |  3.2

Action                   |  1- 3 |  4- 6 |  7- 9 | 10-12 || total
-------------------------+-------+-------+-------+-------++-------
Melee: War axe           |   121 |   135 |   415 |   248 ||   919
       Dagger            |       |       |       |    17 ||    17
Invok: Heroism           |       |       |     1 |     2 ||     3
Evoke: Wand              |       |       |       |     6 ||     6
  Use: Potion            |     1 |       |     1 |     3 ||     5
       Scroll            |       |       |    10 |     5 ||    15
Armor: Scale mail        |    76 |    49 |    28 |       ||   153
       Chain mail        |       |       |   227 |    86 ||   313
       Crystal plate arm |       |       |       |   112 ||   112
Dodge: Dodged            |    49 |    38 |   124 |    57 ||   268
Block: Kite shield       |    61 |    61 |   233 |   154 ||   509

Table legend: (Time is in decaauts)
 A = Elapsed time spent in this place.
 B = Non-inter-level travel time spent in this place.
 C = Inter-level travel time spent in this place.
 D = Time resting spent in this place.
 E = Time spent auto-exploring this place.
 F = Levels seen in this place.
 G = Mean time per level.
                   A        B        C        D        E       F      G
               +--------+--------+--------+--------+--------+-----+--------+
         Total |  10865 |   9991 |    874 |    951 |   7081 |  14 |  776.1 |
       Dungeon |   9863 |   9074 |    789 |    833 |   6555 |  10 |  986.3 |
        Temple |     74 |     50 |     24 |      0 |     49 |   1 |   74.0 |
          Lair |    549 |    489 |     60 |      3 |    331 |   2 |  274.5 |
      Gauntlet |    378 |    378 |      0 |    115 |    146 |   1 |  378.0 |
               +--------+--------+--------+--------+--------+-----+--------+

Top non-repeatable levels by time:
     D:5: 1363 daAuts
     D:8: 1254 daAuts
     D:2: 1201 daAuts
     D:7: 1118 daAuts
     D:9: 1024 daAuts
     D:4: 981 daAuts
     D:6: 957 daAuts
     D:1: 788 daAuts
    D:10: 680 daAuts
     D:3: 494 daAuts
  Lair:1: 400 daAuts
Gauntlet: 378 daAuts
  Lair:2: 149 daAuts
  Temple: 74 daAuts
